 Dungeon Crawl Stone Soup version 0.23.1 (webtiles) character file.

Game seed: 2926497992659329618

3212 LostNumber the Ruffian (level 9, -3/93 HPs)
             Began as an Ogre Transmuter on Mar 14, 2019.
             Was a Priest of Okawaru.
             Slain by a worker ant zombie (5 damage)
             ... on level 8 of the Dungeon.
             The game lasted 00:20:09 (8630 turns).

LostNumber the Ruffian (Ogre Transmuter)            Turns: 8630, Time: 00:20:10

Health: -3/93      AC:  4    Str: 15 (16) XL:     9   Next: 97%
Magic:  16/16      EV: 14    Int: 16 (17) God:    Okawaru [***...]
Gold:   813        SH:  0    Dex:  8 (9)  Spells: 8/18 levels left

rFire    . . .     SeeInvis .     - Unarmed
rCold    . . .     Gourm    .   (no shield)
rNeg     . . .     Faith    .   b - +0 robe
rPois    .         Spirit   .   (helmet restricted)
rElec    .         Reflect  .   p - +0 cloak
rCorr    .         Harm     .   (gloves unavailable)
MR       +....                  (boots unavailable)
Stlth    +.........             (no amulet)
HPRegen  0.25/turn              n - +3 ring of evasion
MPRegen  0.15/turn              l - ring of protection from magic

@: confused, lethally poisoned (-3 -> -13), appendage
A: large, unfitting armour, horns 2, tough skin 1
a: End Transformation, Heroism, Renounce Religion


You were on level 8 of the Dungeon.
You worshipped Okawaru.
Okawaru was most pleased with you.
You were near starving.
You had grown temporary horns.
You visited 2 branches of the dungeon, and saw 9 of its levels.

You collected 813 gold pieces.

Inventory:

Hand Weapons
 u - a +4 flail of draining
   (You took it off Edmund on level 5 of the Dungeon)
Missiles
 a - 89 arrows
Armour
 b - a +0 robe (worn)
 p - a +0 cloak (worn)
   (You found it on level 2 of the Dungeon)
Jewellery
 f - an uncursed ring of stealth
   (You found it on level 1 of the Dungeon)
 j - an uncursed ring of teleportation
   (You found it on level 1 of the Dungeon)
 l - a ring of protection from magic (right hand)
   (You found it on level 2 of the Dungeon)
 n - a +3 ring of evasion (left hand)
   (You found it on level 3 of the Dungeon)
 r - an uncursed ring of magical power
   (You found it on level 2 of the Dungeon)
 C - an uncursed ring of fire
   (You found it on level 6 of the Dungeon)
Wands
 v - a wand of digging (5)
   (You found it on level 3 of the Dungeon)
Scrolls
 d - a scroll of fog
 g - 2 scrolls of immolation {!r}
 m - 3 scrolls of teleportation {@r4}
 y - 2 scrolls of amnesia {unknown}
 z - a scroll of identify {@r1}
 A - 2 scrolls of remove curse {@r2}
 B - 3 scrolls of random uselessness {unknown}
 F - a scroll of vulnerability {unknown}
 G - a scroll of blinking {unknown}
 H - a scroll of torment {unknown}
Potions
 c - 2 potions of degeneration {!q}
 h - a potion of agility
 i - a potion of lignification {unknown}
 k - a potion of ambrosia
 o - 2 potions of flight
 q - 2 potions of might
 s - a potion of resistance {unknown}
 t - 2 potions of magic {unknown}
 w - 2 potions of curing {unknown}
 x - a potion of haste {unknown}
 D - 2 potions of brilliance {unknown}
Comestibles
 e - 13 rations {!d}


   Skills:
 + Level 7.2 Fighting
 + Level 5.3 Dodging
 * Level 7.7 Unarmed Combat
 - Level 5.0 Spellcasting
 + Level 5.4 Transmutations
 * Level 1.5 Ice Magic
 - Level 1.0 Poison Magic
 - Level 2.9 Invocations


You had 8 spell levels left.
You knew the following spells:

 Your Spells              Type           Power        Failure   Level  Hunger
a - Beastly Appendage     Tmut           ###...       1%          1    None
c - Ice Form              Ice/Tmut       ###.....     36%         4    ####...
s - Sticks to Snakes      Tmut           ###.....     2%          2    #......
x - Spider Form           Tmut/Pois      ##........   12%         3    ###....

Your spell library contained the following spells:

 Spells                   Type           Power        Failure   Level  Hunger
 Blade Hands              Tmut           ###.......   41%         5    ######.


Dungeon Overview and Level Annotations

Branches:
Dungeon (8/15)             Temple (1/1) D:5
   Lair: D:8-11

Altars:
Ashenzari
Cheibriados
Dithmenos
Elyvilon
Fedhas
Gozag
Hepliaklqana
Kikubaaqudgha
Makhleb
Nemelex Xobeh
Okawaru
Qazlal
Ru
Sif Muna
Trog
Uskayaw
Vehumet
Wu Jian
Xom
Yredelemnul
Zin
The Shining One

Shops:
D:5 (

Annotations:
D:4 3 runed translucent doors, Menkaure


Innate Abilities, Weirdness & Mutations

You are too large for most types of armour.
You have tough skin. (AC +1)
You have a pair of horns on your head.


Message History

* * * LOW HITPOINT WARNING * * *
A worker ant zombie comes into view.
You miss the killer bee.
You feel sick.
The killer bee stings you but does no damage.
The killer bee barely misses you.
You miss the killer bee. You headbutt the killer bee!
You feel sick. The killer bee stings you!
* * * LOW HITPOINT WARNING * * *
The killer bee closely misses you.
You miss the killer bee.
You feel sick.
The killer bee stings you but does no damage.
You completely miss the killer bee.
You feel sick. The killer bee closely misses you.
The killer bee stings you but does no damage.
You closely miss the killer bee.
You feel sick. The killer bee stings you.
* * * LOW HITPOINT WARNING * * *
The worker ant zombie waves its antennae.
The killer bee closely misses you.
You miss the killer bee. Your headbutt misses the killer bee.
You feel sick. The killer bee barely misses you. x2
You closely miss the killer bee. Your headbutt misses the killer bee.
The killer bee stings you.
* * * LOW HITPOINT WARNING * * *
You completely miss the killer bee. Your punch misses the killer bee.
You feel sick. The killer bee barely misses you. x2
The worker ant zombie bites you.
* * * LOW HITPOINT WARNING * * *
Okay, then.
Unknown command.
You miss the killer bee.
You feel sick. The killer bee stings you.
* * * LOW HITPOINT WARNING * * *
You are lethally poisoned!
The killer bee poisons you! The killer bee stings you.
* * * LOW HITPOINT WARNING * * *
The worker ant zombie bites you but does no damage.
It was a potion of degeneration.
There was something very wrong with that liquid.
You feel weakened.
You feel dopey.
You feel clumsy.
* * * LOW HITPOINT WARNING * * *
You feel sick. The killer bee misses you. x2
The worker ant zombie closely misses you.
Okay, then.
Unknown command.
Unknown command.
You are confused.
You feel invigorated.
* * * LOW HITPOINT WARNING * * *
You feel sick. The killer bee closely misses you. x2
The worker ant zombie bites you.
You die...

#....# #....#...#
+....#...# . ..
#####>...#...##..
..####........+.......
.............. .....
..........#'## ...#
..........'..##...#
#........#..Z@†..#
#........#....y..#
#........#####...#
##+####......#...+
#......#...#
#......##### #......#
#......# #......######


You could see a killer bee and a worker ant zombie.

Vanquished Creatures
  Grinder (D:5)
  A hippogriff (D:6)
  Sigmund (D:2)
  A hungry ghost (D:8)
  Edmund (D:5)
  Duvessa (D:6)
  A phantom (D:4)
  An orc warrior (D:6)
  An ogre (D:7)
  A sky beast (D:6)
  A necrophage (D:6)
  2 centaurs (D:6)
  4 bullfrogs (D:6)
  Dowan (D:6)
  5 killer bees
  6 wights (D:6)
  3 jellies
  A howler monkey (D:4)
  5 crimson imps
  3 hounds
  2 bullfrog skeletons (D:6)
  Jessica (D:3)
  2 iguanas
  4 orc wizards
  2 worker ants
  A killer bee zombie (D:6)
  A hound skeleton (D:7)
  A worker ant zombie (D:6)
  A howler monkey skeleton (D:4)
  9 adders
  A shadow imp (D:5)
  4 oozes
  An adder zombie (D:6)
  An adder skeleton (D:6)
  2 worms
  4 dart slugs
  2 leopard geckos
  16 orcs
  11 bats
  4 giant cockroaches
  7 goblins
  11 hobgoblins
  10 jackals
  4 quokkas
  2 ball pythons
  8 frilled lizards
  11 kobolds
  A leopard gecko skeleton (D:6)
  A quokka skeleton (D:3)
  9 rats
175 creatures vanquished.

Vanquished Creatures (collateral kills)
  An ogre (D:2)
  A crimson imp (D:3)
2 creatures vanquished.

Grand Total: 177 creatures vanquished

Notes
Turn   | Place    | Note
-------+----------+-------------------------------------------
     0 | D:1      | LostNumber the Ogre Transmuter began the quest for the Orb.
     0 | D:1      | Reached XP level 1. HP: 19/19 MP: 3/3
   317 | D:1      | Reached XP level 2. HP: 24/28 MP: 2/5
   321 | D:1      | Learned a level 2 spell: Sticks to Snakes
   784 | D:1      | Reached XP level 3. HP: 25/35 MP: 5/7
   965 | D:1      | Learned a level 3 spell: Spider Form
  1527 | D:2      | Noticed an ogre
  1540 | D:2      | Killed an ogre
  1540 | D:2      | Reached XP level 4. HP: 26/44 MP: 1/8
  1734 | D:2      | Reached skill level 1 in Poison Magic
  1951 | D:2      | Reached XP level 5. HP: 50/50 MP: 5/9
  1967 | D:2      | Noticed Sigmund
  1990 | D:2      | Killed Sigmund
  1990 | D:2      | Reached XP level 6. HP: 28/61 MP: 6/11
  2702 | D:3      | Found an ancient bone altar of Kikubaaqudgha.
  2704 | D:3      | Found a glowing golden altar of the Shining One.
  2712 | D:3      | Found a stormy altar of Qazlal.
  3220 | D:3      | Noticed Jessica
  3225 | D:3      | Killed Jessica
  3286 | D:3      | Found a shimmering altar of Xom.
  3312 | D:3      | Reached XP level 7. HP: 59/68 MP: 8/12
  3802 | D:4      | Reached skill level 5 in Unarmed Combat
  3984 | D:4      | Noticed Menkaure
  4234 | D:5      | Entered Level 5 of the Dungeon
  4235 | D:5      | Noticed Edmund
  4255 | D:5      | Killed Edmund
  4255 | D:5      | Reached XP level 8. HP: 79/79 MP: 7/14
  4282 | D:5      | Found a staircase to the Ecumenical Temple.
  4315 | Temple   | Entered the Ecumenical Temple
  4555 | Temple   | Became a worshipper of Warmaster Okawaru
  4803 | D:5      | Found Usmoumof's Antique Weapon Emporium.
  4816 | D:5      | Noticed Grinder
  4825 | D:5      | Killed Grinder
  4825 | D:5      | Reached skill level 5 in Fighting
  4825 | D:5      | Reached skill level 5 in Spellcasting
  5089 | D:4      | Found a runed translucent gate.
  5089 | D:4      | Found a runed translucent gate.
  5089 | D:4      | Found a runed translucent gate.
  5650 | D:6      | Reached skill level 1 in Invocations
  6044 | D:6      | Reached * piety under Okawaru
  6047 | D:6      | Reached XP level 9. HP: 66/89 MP: 12/16
  6659 | D:6      | Noticed Duvessa
  6659 | D:6      | Noticed Dowan
  6673 | D:6      | Killed Duvessa
  6673 | D:6      | Reached ** piety under Okawaru
  6676 | D:6      | Killed Dowan
  7029 | D:6      | Reached skill level 5 in Dodging
  7537 | D:6      | Reached skill level 5 in Transmutations
  7649 | D:6      | Learned a level 4 spell: Ice Form
  7967 | D:7      | Found a shadowy altar of Dithmenos.
  8584 | D:8      | Reached skill level 1 in Ice Magic
  8604 | D:8      | Reached *** piety under Okawaru
  8628 | D:8      | HP: 1/93 [killer bee (6)]
  8630 | D:8      | Slain by a worker ant zombie

Skill      XL: |  1  2  3  4  5  6  7  8  9 |
---------------+----------------------------+-----
Dodging        | 2 3 4 5 |  5.3
Unarmed Combat | 3 4 5 6 7 |  7.7
Fighting       | 2 3 4 5 7 |  7.2
Spellcasting   | 3 4 5 |  5.0
Transmutations | 2 3 4 5 |  5.4
Poison Magic   | 1 |  1.0
Invocations    | 2 |  2.9
Ice Magic      | 1 |  1.5

Action                   |  1- 3 |  4- 6 |  7- 9 || total
-------------------------+-------+-------+-------++-------
Melee: Unarmed           |   112 |   188 |   452 ||   752
       Headbutt          |     5 |     5 |    20 ||    30
       Kick              |     7 |     5 |    22 ||    34
       Punch             |     1 |       |     5 ||     6
 Cast: Beastly Appendage |    15 |    12 |    35 ||    62
       Sticks to Snakes  |     2 |     2 |    18 ||    22
       Spider Form       |       |     7 |    11 ||    18
Invok: Heroism           |       |       |     2 ||     2
  Use: Scroll            |       |     6 |     3 ||     9
       Potion            |       |       |     3 ||     3
 Stab: Sleeping          |     6 |     5 |       ||    11
       Distracted        |       |       |     2 ||     2
  Eat: Chunk             |     2 |     7 |    14 ||    23
       Ration            |       |       |     1 ||     1
Armor: Robe              |    38 |    42 |    55 ||   135
       Skin              |       |     3 |     7 ||    10
Dodge: Dodged            |    62 |   107 |   397 ||   566
